 Dungeon Crawl Stone Soup version 0.29.1-14-g9c671dbff4 (console) character file.

Game seed: 7525318390454212157

448 Goreval the Conjurer (level 7, 0/41 HPs)
             Began as an Octopode Conjurer on Feb 16, 2023.
             Was an Initiate of Sif Muna.
             Slain by a killer bee (9 damage)
             ... on level 5 of the Dungeon.
             The game lasted 00:12:02 (4193 turns).

Goreval the Conjurer (Octopode Conjurer)            Turns: 4193, Time: 00:12:03

Health: 0/41       AC:  1    Str:  6    XL:     7   Next: 4%
Magic:  5/12       EV: 14    Int: 28    God:    Sif Muna [......]
Gold:   203        SH:  0    Dex: 11    Spells: 3/13 levels left

rFire   . . .      SeeInvis .   n - +2 dagger (venom)
rCold   . . .      Faith    .   (no shield)
rNeg    . . .      Spirit   .   (helmet restricted)
rPois   .          Reflect  .   (no amulet)
rElec   .          Harm     .   q - +6 ring of intelligence
rCorr   .          Rampage  .   (no ring)
Will    .....                   (no ring)
Stlth   +++.......              (no ring)
HPRegen 0.13/turn               (no ring)
MPRegen 0.13/turn               (no ring)
                                (no ring)
                                (no ring)

@: attractive, flying
A: almost no armour, amphibious, 8 rings, camouflage 1, gelatinous body 1,
(nimble swimmer 1), tentacles
a: Renounce Religion


You were on level 5 of the Dungeon.
You worshipped Sif Muna.
Sif Muna was noncommittal.
You visited 1 branch of the dungeon, and saw 5 of its levels.

You collected 203 gold pieces.

Inventory:

Hand Weapons
 n - a +2 dagger of venom (weapon)
Jewellery
 q - a +6 ring of intelligence (left tentacle)
Wands
 c - a wand of flame (23)
 o - a wand of paralysis (15)
Scrolls
 b - a scroll of fog {unknown}
 d - a scroll of fear {unknown}
 g - a scroll of amnesia {unknown}
 j - 5 scrolls of teleportation {unknown}
 l - 5 scrolls of enchant armour
 p - 2 scrolls of blinking {unknown}
 s - 4 scrolls of identify {unknown}
 u - a scroll of silence {unknown}
 v - a scroll of magic mapping {unknown}
Potions
 a - 3 potions of magic
 e - 2 potions of attraction
 f - a potion of haste {unknown}
 h - a potion of mutation {unknown}
 i - a potion of curing
 k - a potion of flight
 m - a potion of resistance
 r - a potion of degeneration {unknown}
 t - a potion of lignification {unknown}


   Skills:
 + Level 3.9 Dodging
 - Level 2.6 Stealth
 + Level 3.5 Spellcasting
 * Level 6.1 Conjurations
 - Level 2.0 Hexes


You had 3 spell levels left.
You knew the following spells:

 Your Spells              Type           Power      Damage    Failure   Level
a - Magic Dart            Conj           100%       1d8       1%          1
b - Searing Ray           Conj           78%        2d7       1%          2
c - Dazzling Flash        Conj/Hex       54%        N/A       4%          3
d - Fulminant Prism       Conj/Hex       13%        3d9       14%         4

Your spell library contained the following spells:

 Spells                   Type           Power      Damage    Failure   Level
 Mephitic Cloud           Conj/Pois/Air  16%        N/A       10%         3
 Call Imp                 Summ           4%         N/A       12%         2
 Iskenderun's Mystic Bla  Conj/Tloc      22%        2d6       22%         4
 Olgreb's Toxic Radiance  Pois           4%         N/A       61%         4
 Ozocubu's Refrigeration  Ice            2%         4d7       100%        7
 Ignition                 Fire           2%         3d3       100%        8


Dungeon Overview and Level Annotations

Branches:
Dungeon (5/15) Zot: 25808
 Temple: D:4-7

Altars:
Ru
Sif Muna
Trog
Vehumet

Annotations:
D:4 exclusion: lemure, Pikel
D:5 Grinder, Ijyb


Innate Abilities, Weirdness & Mutations

You cannot wear most types of armour.
You are amphibious.
You can wear up to eight rings at the same time.
Your skin changes colour to match your surroundings (Stealth+).
Your rubbery body absorbs attacks. (AC +1, EV +1)
((You are camouflaged when in or above water. (Stealth+)))
You have tentacles for arms and can constrict up to eight enemies at once.


Message History

The killer bee stings you!
The searing ray hits the killer bee.
The searing ray misses the killer bee. (Press . to maintain the ray.)
The killer bee buzzes angrily.
The killer bee completely misses you.
A killer bee comes into view. x2
The searing ray hits the killer bee! x2
You kill the killer bee!
Sif Muna accepts your kill.
The searing ray hits the killer bee.
The killer bee stings you.
You are poisoned.
The killer bee poisons you!
Training target 2.0 for Hexes reached!
Your Conjurations skill increases to level 6!
Your Hexes skill increases to level 2!
The searing ray hits the killer bee!
You kill the killer bee!
Sif Muna accepts your kill.
The searing ray hits the killer bee!
The searing ray misses the killer bee.
You feel sick.
The killer bee buzzes angrily.
The killer bee closely misses you.
You have reached level 7!
The searing ray misses the killer bee.
The searing ray hits the killer bee.
The searing ray misses the killer bee.
You finish channelling your searing ray.
You feel sick. The killer bee stings you. The killer bee stings you!
* * * LOW HITPOINT WARNING * * *
Okay, then.
It was a potion of attraction.
You feel attractive to monsters.
You feel sick. The killer bee barely misses you.
The killer bee closely misses you.
It was a potion of flight.
You feel very buoyant.
You fly up into the air.
You feel sick. The killer bee stings you.
* * * LOW HITPOINT WARNING * * *
The killer bee stings you.
* * * LOW HITPOINT WARNING * * *
You are more poisoned.
The killer bee poisons you!
It was a potion of curing.
You feel better. The killer bee misses you. The killer bee stings you!
You die...

.# .# .# .# .# .# )#
.# .####### ........
.#########
.##......#.
...........
###.###### #.
.[.......# #$
##..####.# #.. ....#
#.. ##.### ..#...
.....# ..#...###
.#.#.#
..~.~~~y##########
.#.#.#
.~..♣.~yyy@......#
..#?#
.≈~.~~#########.##
#....#
~.~..~♣).######.#
##....
.♣~~#≈.~~....##.#
#5#...
~~..~.♣~♣###.##.#
....... ~~.~~.#..#
#.##.# .....#...
.~..~~...# #.##.# ..
..#.... ..~..~.~~#
#.##.# #........##
~.≈~~..~## #.##.#
.....##.# #.##.#
.##.# #.# #.##.# #
#.# #.####.##.##
#.##.###.##.......#
#........##.#.#..##
.######.######.#.#..#
........######.#...(#
.............#.####.#
###.....####.#......#
....##.....#.#.######
###. #.>#†.#.### #
#....<....#
#.....#.#.#
#.....#.#.# #..#..#.#
# #.......#


You could see 4 killer bees.

Vanquished Creatures
  An ice beast (D:5)
  A necrophage (D:5)
  2 killer bees (D:5)
  3 hounds
  An iguana (D:4)
  2 adders (D:5)
  A white imp (D:5)
  A worm (D:4)
  A dart slug (D:2)
  2 orcs (D:3)
  5 endoplasms
  6 goblins
  9 hobgoblins
  4 jackals (D:3)
  A quokka (D:3)
  4 ball pythons
  6 bats
  A frilled lizard (D:3)
  14 kobolds
  5 rats
70 creatures vanquished.

Notes
Turn   | Place    | Note
-------+----------+-------------------------------------------
     0 | D:1      | Goreval the Octopode Conjurer began the quest for the Orb.
     0 | D:1      | Reached XP level 1. HP: 11/11 MP: 3/3
   389 | D:1      | You fall into a shaft and drop 1 floor!
   412 | D:2      | Identified the +7 chain mail of Foolhardiness {rF- rN+
                  | Int+4 Slay+2}
   612 | D:2      | Reached XP level 2. HP: 17/17 MP: 3/5
   616 | D:2      | Learned a level 2 spell: Searing Ray
  1308 | D:2      | Reached XP level 3. HP: 21/21 MP: 4/6
  1615 | D:2      | Found a faded altar of an unknown god.
  2350 | D:3      | Found a shimmering blue altar of Sif Muna.
  2457 | D:3      | Became a worshipper of Sif Muna the Loreminder
  2543 | D:3      | Reached XP level 4. HP: 27/27 MP: 4/7
  2549 | D:3      | Learned a level 3 spell: Dazzling Flash
  2637 | D:3      | Found a radiant altar of Vehumet.
  2644 | D:3      | Found a bloodstained altar of Trog.
  2804 | D:4      | Reached skill level 5 in Conjurations
  2904 | D:4      | Reached XP level 5. HP: 20/31 MP: 5/9
  3347 | D:4      | Reached skill level 1 in Hexes
  3490 | D:4      | Noticed Pikel
  3526 | D:4      | Found a sacrificial altar of Ru.
  3538 | D:4      | Noticed a lemure
  3819 | D:5      | Entered Level 5 of the Dungeon
  3851 | D:5      | Noticed Ijyb
  3924 | D:5      | Reached XP level 6. HP: 27/36 MP: 5/10
  3924 | D:5      | Noticed Grinder
  3983 | D:5      | Noticed an ice beast
  3989 | D:5      | Killed an ice beast
  4101 | D:5      | Learned a level 4 spell: Fulminant Prism
  4189 | D:5      | Reached skill level 6 in Conjurations
  4190 | D:5      | Reached XP level 7. HP: 22/41 MP: 6/12
  4192 | D:5      | HP: 2/41 [killer bee (1)]
  4193 | D:5      | Slain by a killer bee

Illustrated notes

Levels and vault maps discovered:
D:1:      grunt_arrival_lava_bath, layout_basic, st_stairs_10, minmay_vboxes
D:2:      wander_river, layout_loops_ring,
          dreamdust_ecumenical_altar_angels_and_demons
D:3:      layout_basic, mainiacjoe_overflow_six_doors_small,
          chequers_temple_overflow_statue_of_worship, kennysheep_generic_room_3
D:4:      layout_loops_ring, nicolae_ru_sacrificial_ziggurat, uniq_pikel
D:5:      layout_basic, old_standard_altar, chequers_serial_rivers_marsh,
          corexii_leaking_fountain, uniq_ijyb, uniq_blork_the_orc, uniq_grinder,
          uniq_duvessa

Skill      XL: |  1  2  3  4  5  6 |
---------------+-------------------+-----
Conjurations   | 5 6 |  6.1
Dodging        | 3 |  3.9
Hexes          | 1 2 |  2.0
Spellcasting   | 3 |  3.5
Stealth        | |  2.6

Action                   |  1- 3 |  4- 6 |  7- 9 || total
-------------------------+-------+-------+-------++-------
Melee: Unarmed           |     8 |       |       ||     8
       Constrict         |     5 |     4 |       ||     9
       Tentacles         |     3 |     4 |       ||     7
       Dagger            |    12 |    13 |       ||    25
       Punch             |       |     1 |       ||     1
 Cast: Magic Dart        |    70 |    47 |       ||   117
       Searing Ray       |     1 |     2 |       ||     3
  Use: Scroll            |       |     1 |       ||     1
       Potion            |       |       |     3 ||     3
Armor: Skin              |     2 |     1 |       ||     3
Dodge: Dodged            |    19 |    11 |     3 ||    33
